 Dungeon Crawl Stone Soup version 0.22-a0-348-gd16d139 (webtiles) character file.

1 mhoghedin the Grave Robber (level 1, -1/14 HPs)
             Began as a Ghoul Necromancer on Apr 8, 2018.
             Slain by a hobgoblin
             ... wielding a +0 club
              (7 damage)
             ... on level 1 of the Dungeon.
             The game lasted 00:00:49 (85 turns).

mhoghedin the Grave Robber (Ghoul Necromancer)        Turns: 85, Time: 00:00:50

Health: -1/14      AC:  2    Str: 11    XL:     1   Next: 20%
Magic:  1/2        EV: 12    Int: 10    God:
Gold:   0          SH:  0    Dex:  9    Spells: 2/3 levels left

rFire    . . .     SeeInvis .   (no weapon)
rCold    + . .     Gourm    .   (no shield)
rNeg     + + +     Faith    .   a - +0 robe
rPois    ∞         Spirit   .   (no helmet)
rElec    .         Reflect  .   (no cloak)
rCorr    .         Harm     .   (no gloves)
MR       .....                  (no boots)
Stlth    ++........             (no amulet)
HPRegen  0.00/turn              (no ring)
MPRegen  0.08/turn              (no ring)

@: very slightly contaminated, rotting
A: rotting body, claws 1, carnivore, cold resistance 1, negative energy
resistance 3, inhibited regeneration, torment resistance, unbreathing
a: no special abilities


You were on level 1 of the Dungeon.
You were not hungry.

You visited 1 branch of the dungeon, and saw 1 of its levels.

Inventory:

Armour
 a - a +0 robe (worn)
Comestibles
 c - a ration


   Skills:
 + Level 0.2 Fighting
 - Level 1.7 Dodging
 - Level 2.1 Stealth
 + Level 0.2 Unarmed Combat
 - Level 1.7 Spellcasting
 - Level 4.0 Necromancy


You had 2 spell levels left.
You knew the following spells:

 Your Spells              Type           Power        Failure   Level  Hunger
a - Pain                  Necr           #...         6%          1    ##.....


Dungeon Overview and Level Annotations

Branches:
Dungeon (1/15)

Altars:


Innate Abilities, Weirdness & Mutations

Your body is rotting away.
You thrive on raw meat.
You are immune to poison.
You have sharp fingernails.
You are carnivorous and can eat meat at any time.
Your flesh is cold resistant. (rC+)
You are immune to negative energy. (rN+++)
You do not regenerate when monsters are visible.
You are immune to unholy pain and torment.
You can survive without breathing.


Message History

Welcome, mhoghedin the Ghoul Necromancer.
It is said that the Orb of Zot exists deep within this dungeon.
Found a staircase leading out of the dungeon.
Unknown command.
You open the door.
There is an open door here.
You open the gate.
There is an open gate here.
A hobgoblin comes into view. It is wielding a club.
A hobgoblin and a kobold come into view.
The hobgoblin shouts!
You hear a shout!
The hobgoblin moves out of view.
A giant cockroach comes into view.
A kobold comes into view.
The hobgoblin shouts!
The kobold shouts! x2
The kobold throws a stone.
The stone misses you.
You barely miss the giant cockroach. The giant cockroach misses you.
The kobold throws a stone.
The stone barely misses you.
You scratch the giant cockroach. The giant cockroach closely misses you.
The kobold throws a stone.
The stone hits you.
You take 1 damage, and have 13/14 hp.
The kobold throws a stone.
The stone hits you but does no damage.
You see here a stone.
The giant cockroach barely misses you.
Unknown command.
Unknown command.
Unknown command.
Unknown command.
You closely miss the giant cockroach. The giant cockroach closely misses you.
You scratch the giant cockroach but do no damage.
The giant cockroach closely misses you.
You scratch the giant cockroach but do no damage.
The giant cockroach barely misses you. The giant cockroach barely misses you.
You scratch the giant cockroach but do no damage.
The giant cockroach closely misses you.
You barely miss the hobgoblin. The hobgoblin misses you.
The giant cockroach misses you.
You completely miss the hobgoblin. The hobgoblin closely misses you.
The giant cockroach closely misses you.
You barely miss the hobgoblin. The giant cockroach bites you.
The hobgoblin hits you with a club.
You take 3 damage, and have 10/14 hp.
MASSIVE DAMAGE!!
Unknown command.
The giant cockroach barely misses you.
You scratch the giant cockroach.
The giant cockroach completely misses you.
The giant cockroach barely misses you.
You scratch the giant cockroach but do no damage.
The giant cockroach closely misses you. x2
You scratch the giant cockroach but do no damage.
The hobgoblin barely misses you. The giant cockroach misses you.
Aim: a giant cockroach (moderately wounded, chance to defeat MR: 73%)
The giant cockroach writhes in agony!
You kill the giant cockroach!
The hobgoblin closely misses you.
You now have 1/2 mp.
Aim: a hobgoblin, wielding a club (chance to defeat MR: 73%)
You miscast Pain.
You are very lightly contaminated with residual magic.
Your bones ache.
The hobgoblin hits you with a club.
You take 3 damage, and have 7/14 hp.
MASSIVE DAMAGE!!
You now have 0/2 mp.
You scratch the hobgoblin. The hobgoblin hits you with a club.
The hobgoblin barely misses you.
You take 1 damage, and have 6/14 hp.
You barely miss the hobgoblin. The hobgoblin misses you.
The hobgoblin hits you with a club!
Ouch! That really hurt!
You die...

#.8...8.'..<.# ♣
#...⌠...#....# ♣
+.....8.#....# ♣
#.......#..###♣♣
#..8.8..####♣♣♣. ♣♣
#.......# ♣♣♣...
♣.♣♣###...###♣♣.....
#♣...♣♣#'''#♣..†...♣♣
#...@gK.........♣####
###♣♣gK.....♣♣♣##
♣♣♣♣...♣.♣ #######


You could see 2 hobgoblins and 2 kobolds.

Vanquished Creatures
  A giant cockroach (D:1)
1 creature vanquished.

Notes
Turn   | Place    | Note
-------+----------+-------------------------------------------
     0 | D:1      | mhoghedin the Ghoul Necromancer began the quest for the Orb.
     0 | D:1      | Reached XP level 1. HP: 14/14 MP: 2/2
    85 | D:1      | Slain by a hobgoblin

Vault maps used:
D:1:      sevenhm_arrival_forest_fort_large_2, minmay_pentomino_o4

Action                   || total
-------------------------++-------
Melee: Unarmed           ||    14
 Cast: Pain              ||     1
Dodge: Dodged            ||    24

Table legend:
 A = Spawn XP
 B = Non-spawn XP
 C = Spawn XP percentage of total XP
 D = Spawn monster count
 E = Non-spawn monster count
 F = Spawn count percentage of total count
 G = Total turns spent on level
                    A         B        C        D         E        F      G
               +---------+---------+-------+---------+---------+-------+---------
         Total |       0 |       2 |   0.0 |       0 |       1 |   0.0 |    85
               +---------+---------+-------+---------+---------+-------+---------
           D:1 |       0 |       2 |   0.0 |       0 |       1 |   0.0 |    85
               +---------+---------+-------+---------+---------+-------+---------

Vault maps used:
D:1:      sevenhm_arrival_forest_fort_large_2, minmay_pentomino_o4

Table legend:
 A = Turns spent in this place as a percentage of turns spent in the entire game.
 B = Non-inter-level travel turns spent in this place as a percentage of non-inter-level travel turns spent in the entire game.
 C = Inter-level travel turns spent in this place as a percentage of turns spent in this place.
 D = Turns resting spent in this place as a percentage of non-inter-level travel turns spent in this place.
 E = Turns spent auto-exploring this place as a percentage of non-inter-level travel turns spent in this place.
 F = Non-inter-level travel turns spent in this place divided by the number of levels of this place that you've seen.
                   A       B       C       D       E      F
               +-------+-------+-------+-------+-------+----------------------
         Total | 100.0 | 100.0 |   0.0 |   0.0 |  43.5 |  85.0
       Dungeon | 100.0 | 100.0 |   0.0 |   0.0 |  43.5 |  85.0
               +-------+-------+-------+-------+-------+----------------------

Table legend:
 A = Kills in this place as a percentage of kills in entire the game.
 B = Kills by you in this place as a percentage of kills by you in the entire game.
 C = Kills by friends in this place as a percentage of kills by friends in the entire game.
 D = Other kills in this place as a percentage of other kills in the entire game.
 E = Experience gained in this place as a percentage of experience gained in the entire game.
 F = Experience gained in this place divided by the number of levels of this place that you have seen.
                   A       B       C       D       E      F
               +-------+-------+-------+-------+-------+----------------------
         Total | 100.0 | 100.0 |   N/A |   N/A | 100.0 |   2.0
       Dungeon | 100.0 | 100.0 |   N/A |   N/A | 100.0 |   2.0
               +-------+-------+-------+-------+-------+----------------------
